 Dungeon Crawl Stone Soup version 0.31-a0-1626-g5cb510d322 (webtiles) character file.

Game seed: 7647485862835628391

21518 Laraso the Marksdraconian (level 12, -1/83 HPs)
             Began as a Purple Draconian Hexslinger on Jan 13, 2024.
             Was a High Priest of Zin.
             Shot with an arrow by Nessos (5 damage)
             ... on level 2 of the Orcish Mines.
             The game lasted 00:39:18 (19830 turns).

Laraso the Marksdraconian (DrHs)                   Turns: 19830, Time: 00:39:20

Health: -1/83      AC: 14    Str: 12    XL:     12   Next: 54%
Magic:  29/29      EV: 12    Int: 14    God:    Zin [*****.]
Gold:   545        SH:  0    Dex: 17    Spells: 1/13 levels left

rFire   . . .        b - +1 arbalest (heavy)
rCold   . . .        (shield currently unavailable)
rNeg    . . .        (body armour unavailable)
rPois   .            (helmet restricted)
rElec   .            i - +0 cloak
rCorr   .            j - +0 pair of gloves
SInv    .            (no boots)
Will    +....        G - amulet of regeneration
Stlth   ++           p - ring of magical power
HPRegen 1.13/turn    n - +4 ring of protection
MPRegen 0.21/turn

%: no passive effects
@: lethally poisoned (-1 -> -6), on recite cooldown
A: breathe power, AC +8, unfitting armour, cold-blooded
a: Breathe Dispelling Energy, Renounce Religion, Recite, Vitalisation, Imprison,
Sanctuary, Donate Gold


You were on level 2 of the Orcish Mines.
You worshipped Zin.
Zin was extremely pleased with you.
You visited 4 branches of the dungeon, and saw 15 of its levels.
You also visited: Ossuary.

You collected 1283 gold pieces.
You spent 625 gold pieces at shops.
You donated 113 gold pieces to Zin.

Inventory:

Hand Weapons
 a - a +0 arbalest
 b - a +1 heavy arbalest (weapon)
 d - a +0 orcbow
Missiles
 y - 2 throwing nets
Armour
 i - a +0 cloak (worn)
 j - a +0 pair of gloves (worn)
Jewellery
 m - a ring of protection from cold
 n - a +4 ring of protection (right hand)
 p - a ring of magical power (left hand)
 s - a ring of protection from fire
 v - a ring of wizardry
 G - an amulet of regeneration (around neck)
 H - a ring of positive energy
Wands
 c - a wand of mindburst (8)
 h - a wand of roots (6)
 z - a wand of digging (4)
 B - a wand of flame (7)
 C - a wand of paralysis (4)
Scrolls
 k - a scroll of enchant armour
 l - 2 scrolls of immolation
 t - 3 scrolls of teleportation
 u - 2 scrolls of amnesia
 A - a scroll of enchant weapon
 E - a scroll of identify
 F - 2 scrolls of fear
Potions
 e - 3 potions of enlightenment
 f - 3 potions of attraction
 g - 6 potions of curing
 o - 4 potions of haste
 q - 3 potions of resistance
 r - 2 potions of berserk rage
 w - 2 potions of ambrosia
 x - a potion of brilliance
 D - a potion of might


   Skills:
 - Level 1.1 Fighting
 * Level 15.8 Ranged Weapons
 - Level 1.7 Dodging
 - Level 1.2 Spellcasting
 - Level 7.0 Hexes
 - Level 1.0 Fire Magic
 + Level 11.7 Invocations


You had one spell level left.
You knew the following spells:

 Your Spells              Type           Power      Damage    Failure   Level
a - Jinxbite              Hex            40%        N/A       2%          2
b - Sigil of Binding      Hex            20%        N/A       4%          3
e - Inner Flame           Hex/Fire       12%        N/A       16%         3
v - Cause Fear            Hex            10%        N/A       14%         4

Your spell library contained the following spells:

 Spells                   Type           Power      Damage    Failure   Level
 Dimensional Bullseye     Hex/Tloc       5%         N/A       52%         4
 Stone Arrow              Conj/Erth      0%         3d7       61%         3
 Summon Blazeheart Golem  Fire/Summ      2%         N/A       91%         4
 Olgreb's Toxic Radiance  Alch           0%         N/A       95%         4
 Orb of Destruction       Conj           0%         9d5       100%        7
 Ozocubu's Refrigeration  Ice            0%         4d7       100%        7
 Spellforged Servitor     Conj/Summ      0%         N/A       100%        7
 Discord                  Hex            10%        N/A       100%        8
 Lehudib's Crystal Spear  Conj/Erth      0%         10d2      100%        8
 Animate Armour           Summ/Erth      Unusable   N/A       N/A         4

Dungeon Overview and Level Annotations

Branches:
Dungeon (11/15)            Temple (1/1) D:5            Lair (1/5) D:10
    Orc (2/2) D:11            Elf (0/3) Orc:2       Ossuary (visited)

Altars:
Ashenzari
Cheibriados
Dithmenos
Elyvilon
Fedhas
Gozag
Hepliaklqana
Kikubaaqudgha
Makhleb
Nemelex Xobeh
Okawaru
Qazlal
Ru
Sif Muna
Trog
Uskayaw
Vehumet
Wu Jian
Xom
Yredelemnul
Zin
The Shining One

Shops:
D:4 ?   D:8 *   D:11 [?=   Orc:1 =(

Annotations:
D:8 1 runed translucent door, BaconRulez's ghost, novice DsFi
D:11 exclusion: hydra
Orc:1 Fannar
Orc:2 Nessos


Innate Abilities, Weirdness & Mutations

You can breathe bolts of dispelling energy.
Your rich purple scales are hard. (AC +8)
You cannot fit into any form of body armour.
You are cold-blooded and may be slowed by cold attacks.


Message History

You shoot a bolt. The bolt hits Nessos!
Nessos is almost dead.
You feel very sick.
Nessos casts a spell.
Nessos blinks!
Nessos casts a spell.
Nessos blinks!
Nessos shoots an arrow.
The arrow hits you!
* * * LOW HITPOINT WARNING * * *
The arrow burns you.
You are more poisoned.
* * * LOW HITPOINT WARNING * * *
Okay, then.
Aiming: Paralyse
Press: ? - help, Shift-Dir - straight line, f/p - Nessos
Aim: Nessos, wielding a +1 longbow of flaming and wearing a +0 barding (almost dead, fast, dazed, chance to affect: 49%) Nessos resists with some effort.
* * * LOW HITPOINT WARNING * * *
You feel very sick.
Nessos shoots an arrow.
The arrow hits you.
* * * LOW HITPOINT WARNING * * *
The arrow burns you.
You are more poisoned.
* * * LOW HITPOINT WARNING * * *
You feel better.
Nessos shoots an arrow.
The arrow hits you.
* * * LOW HITPOINT WARNING * * *
The arrow burns you.
* * * LOW HITPOINT WARNING * * *
Nessos is lost in a daze.
Aiming: Paralyse
Press: ? - help, Shift-Dir - straight line, f/p - Nessos
Aim: Nessos, wielding a +1 longbow of flaming and wearing a +0 barding (almost dead, fast, dazed, chance to affect: 49%) Nessos resists with some effort.
Nessos shoots an arrow.
The arrow hits you! Zin protects you from harm! The arrow burns you.
* * * LOW HITPOINT WARNING * * *
Nessos shoots an arrow.
The arrow hits you! Zin protects you from harm! The arrow burns you.
You are lethally poisoned!
You die...

.........................
........#####............
........#...#8..).).)....
........#...#............
........#._.)............
.....c..#..)#............
#.......#...#8...........
.......)#####............
........@................
....................#.#..
..###...##.#.....#.#####.
# ################ #


You could see Nessos (fast, dazed).

Vanquished Creatures
  Erolcha (D:9)
  6 two-headed ogres
  Maurice (D:7)
  4 cyclopes
  6 elephants
  3 kobold blastminers
  2 gargoyles (D:11)
  3 komodo dragons
  A rime drake (Lair:1)
  A troll (D:11)
  3 hornets
  Sigmund (D:3)
  A wraith (D:11)
  4 wargs
  22 yaks
  Grum (D:8)
  3 swamp worms (D:9)
  An acid dragon (D:10)
  A water moccasin (Lair:1)
  Duvessa (D:7)
  An ice beast (D:6)
  10 ogres
  8 orc warriors
  A black bear (D:4)
  A sky beast (D:7)
  2 centaurs
  3 wolves (D:8)
  3 kobold brigands
  3 bullfrogs
  Blork the orc (D:5)
  4 water moccasin zombies (Ossuary)
  A scorpion (D:7)
  A burial acolyte (Ossuary)
  Dowan (D:7)
  12 wights
  3 killer bees (D:6)
  2 bombardier beetles
  5 howler monkeys
  A hound (D:6)
  8 orc priests
  A jelly (D:5)
  A gnoll bouda (D:7)
  2 iguanas
  2 sleepcaps
  A spectral scorpion (Ossuary)
  Natasha (twice) (D:3)
  Terence (D:2)
  6 orc wizards
  A crocodile zombie (Ossuary)
  A bullfrog simulacrum (Ossuary)
  2 mummies (Ossuary)
  Robin (D:2)
  7 adders
  24 gnolls
  A shadow imp (D:6)
  A white imp (D:8)
  2 adder zombies (Ossuary)
  3 dart slugs
  2 ribbon worms (D:3)
  41 orcs
  5 bats
  7 endoplasms
  5 giant cockroaches
  8 gnoll zombies (Ossuary)
  32 hobgoblins
  A quokka (D:4)
  3 training dummies (Orc:1)
  11 ball pythons
  4 frilled lizards (D:1)
  42 goblins
  4 jackal zombies (Ossuary)
  28 kobolds
  3 orc zombies (Ossuary)
  6 rats
398 creatures vanquished.

Notes
Turn   | Place    | Note
-------+----------+-------------------------------------------
     0 | D:1      | Laraso the Draconian Hexslinger began the quest for the
                  | Orb.
     0 | D:1      | Reached XP level 1. HP: 16/16 MP: 2/2
    83 | D:1      | Reached skill level 2 in Ranged Weapons
   101 | D:1      | You fall into a shaft and drop 1 floor!
   123 | D:2      | Reached XP level 2. HP: 23/23 MP: 3/3
   141 | D:2      | Learned a level 2 spell: Jinxbite
   255 | D:2      | Reached skill level 3 in Ranged Weapons
   285 | D:2      | Identified the +0 helmet of Untold Secrets {rPois Will+
                  | Regen+}
   285 | D:2      | Noticed Robin
   298 | D:2      | Noticed Terence
   336 | D:2      | Killed Robin
   337 | D:2      | Reached XP level 3. HP: 16/28 MP: 1/4
  1145 | D:1      | Reached XP level 4. HP: 35/35 MP: 5/5
  1314 | D:2      | Reached skill level 4 in Ranged Weapons
  1594 | D:2      | Killed Terence
  1730 | D:3      | Reached XP level 5. HP: 40/40 MP: 1/6
  1940 | D:3      | Reached skill level 5 in Ranged Weapons
  2056 | D:3      | Noticed Natasha
  2066 | D:3      | Killed Natasha
  2301 | D:3      | Identified the +3 ring mail of the Valley of Death {rF+
                  | MP+9 Dex+4}
  2685 | D:3      | Reached XP level 6. HP: 47/47 MP: 2/7
  3104 | D:3      | Reached skill level 6 in Ranged Weapons
  3139 | D:3      | Noticed Sigmund
  3297 | D:3      | Killed Sigmund
  3466 | D:3      | Reached skill level 7 in Ranged Weapons
  3470 | D:3      | Your scales start taking on a rich purple colour.
  3470 | D:3      | Reached XP level 7. HP: 41/52 MP: 5/8
  3864 | D:3      | Noticed Natasha
  3898 | D:3      | Killed Natasha
  4192 | D:4      | Found a broken altar of Ashenzari.
  4565 | D:4      | Found Jeadoick's Magic Scroll Shoppe.
  4590 | D:4      | Bought a scroll of blinking for 75 gold pieces
  4590 | D:4      | Bought a scroll of identify for 20 gold pieces
  4590 | D:4      | Bought a scroll of identify for 20 gold pieces
  4590 | D:4      | Bought a scroll of identify for 20 gold pieces
  4923 | D:4      | Learned a level 3 spell: Sigil of Binding
  5346 | D:5      | Entered Level 5 of the Dungeon
  5460 | D:5      | Noticed Blork the orc
  5469 | D:5      | Killed Blork the orc
  5470 | D:5      | Reached skill level 8 in Ranged Weapons
  5600 | D:5      | Found a staircase to the Ecumenical Temple.
  5945 | D:5      | Reached XP level 8. HP: 57/59 MP: 5/9
  6011 | Temple   | Entered the Ecumenical Temple
  6026 | Temple   | Became a worshipper of Zin the Law-Giver
  6026 | Temple   | Reached * piety under Zin
  6364 | D:5      | Reached skill level 5 in Hexes
  6364 | D:5      | Reached skill level 1 in Invocations
  6575 | D:6      | Found a sand-covered staircase.
  6580 | Ossuary  | Entered an ossuary
  6670 | Ossuary  | Reached ** piety under Zin
  6915 | Ossuary  | Reached skill level 9 in Ranged Weapons
  7454 | D:6      | Found a shadowy altar of Dithmenos.
  8227 | D:6      | Reached XP level 9. HP: 57/64 MP: 11/11
  8596 | D:7      | Noticed Maurice
  8604 | D:7      | Maurice stole a ring of protection from fire
  8606 | D:7      | Something stole a +0 sling
  8640 | D:7      | HP: 1/64 [something (9)]
  8775 | D:7      | Maurice stole 233 gold
  9217 | D:7      | Killed Maurice
  9918 | D:7      | Noticed Duvessa
  9918 | D:7      | Noticed Dowan
  9951 | D:7      | Killed Duvessa
  9952 | D:7      | Reached skill level 10 in Ranged Weapons
  9960 | D:7      | Killed Dowan
 10202 | D:7      | Learned a level 4 spell: Cause Fear
 10249 | D:7      | Reached skill level 5 in Invocations
 10641 | D:7      | Reached *** piety under Zin
 10766 | D:8      | Found Coudet's General Store.
 11077 | D:8      | Noticed Grum
 11088 | D:8      | Killed Grum
 11126 | D:8      | Noticed a two-headed ogre
 11145 | D:8      | Killed a two-headed ogre
 11146 | D:8      | Reached skill level 11 in Ranged Weapons
 11146 | D:8      | Reached XP level 10. HP: 60/71 MP: 14/14
 11271 | D:8      | Bought a scroll of identify for 20 gold pieces
 11271 | D:8      | Bought a scroll of identify for 20 gold pieces
 11321 | D:8      | Found a glowing golden altar of the Shining One.
 12163 | D:8      | Found a runed translucent door.
 12165 | D:8      | Noticed BaconRulez's ghost (novice DsFi)
 12966 | D:9      | Reached **** piety under Zin
 13039 | D:9      | Noticed Erolcha
 13051 | D:9      | Killed Erolcha
 13052 | D:9      | Reached skill level 12 in Ranged Weapons
 13083 | D:9      | Noticed a cyclops
 13105 | D:9      | Killed a cyclops
 13379 | D:9      | Noticed a two-headed ogre
 13464 | D:9      | Killed a two-headed ogre
 13751 | D:10     | Entered Level 10 of the Dungeon
 13952 | D:10     | Noticed a two-headed ogre
 13962 | D:10     | Noticed a two-headed ogre
 14022 | D:9      | Reached XP level 11. HP: 73/77 MP: 17/17
 14076 | D:10     | Reached skill level 13 in Ranged Weapons
 14359 | D:10     | Found a staircase to the Lair.
 14392 | D:10     | Killed a two-headed ogre
 14618 | D:10     | Found an iron altar of Okawaru.
 14663 | D:10     | Reached ***** piety under Zin
 14728 | D:10     | Killed a two-headed ogre
 15060 | D:10     | Learned a level 3 spell: Inner Flame
 15135 | Lair:1   | Entered Level 1 of the Lair of Beasts
 15544 | D:10     | Reached skill level 14 in Ranged Weapons
 15774 | Lair:1   | Reached skill level 10 in Invocations
 17325 | D:11     | Reached XP level 12. HP: 83/83 MP: 19/19
 17390 | D:11     | Noticed a four-headed hydra
 17464 | D:11     | Noticed a two-headed ogre
 17475 | D:11     | Killed a two-headed ogre
 17494 | D:11     | Reached skill level 15 in Ranged Weapons
 17755 | D:11     | Found Lequkoraw's Jewellery Shoppe.
 17762 | D:11     | Bought an amulet of regeneration for 450 gold pieces
 17966 | D:11     | Found Cetyofia's Armour Shoppe.
 18060 | D:11     | Found Loah's Magic Scroll Boutique.
 18142 | D:11     | Found a staircase to the Orcish Mines.
 18379 | Orc:1    | Entered Level 1 of the Orcish Mines
 18830 | Orc:1    | Found Rousiob's Firing Range.
 19048 | Orc:2    | Entered Level 2 of the Orcish Mines
 19295 | Orc:2    | Found a staircase to the Elven Halls.
 19298 | Orc:1    | Found Ixoquara's Jewellery Shoppe.
 19307 | Orc:1    | Noticed a two-headed ogre
 19322 | Orc:2    | Killed a two-headed ogre
 19367 | Orc:1    | Noticed Fannar
 19813 | Orc:2    | Noticed Nessos
 19828 | Orc:2    | HP: 3/83 [Nessos/arrow (2)]
 19830 | Orc:2    | Zin protects you from harm!
 19830 | Orc:2    | Zin protects you from harm!
 19830 | Orc:2    | Shot with an arrow by Nessos

Illustrated notes

Levels and vault maps discovered:
D:1:      psy_arrival_statuary, layout_loops_ring, hangedman_decor_points,
          feat_on_display
D:2:      layout_basic, wad_orctagon, uniq_robin, uniq_terence
D:3:      minmay_goblin_kobold_castle, layout_basic, uniq_sigmund, uniq_natasha
D:4:      layout_basic, evilmike_ruin_ashenzari, nrook_mini_backslash,
          eino_small_chamber_without_monster, kennysheep_diamond,
          minmay_fractal_squares_diagonal_5
D:5:      layout_loops_corners, minmay_temple_entry_mist, uniq_blork_the_orc
D:6:      layout_loops_cross, nicolae_dithmenos_through_a_glass_darkly,
          nicolae_ossuary_entry_false_entrances
D:7:      layout_loops_corners, uniq_maurice, uniq_duvessa
D:8:      layout_basic, tso_altar, ebering_ghost_inner_flame, serial_shops,
          nicolae_shop_tiny_real_fake_doors, minmay_misc_feat_rows, uniq_grum
D:9:      layout_basic, worms_lemuel, uniq_erolcha
D:10:     layout_gridville, okawaru_ov_weapons_minmay, david_lair_shrubbed
D:11:     layout_irregular_city, orc_0_dummy, serial_shops, shop,
          nicolae_shop_pleasant_corner_grove, nicolae_shop_back_alley_shop
Temple:   eino_narrow_crystal_temple
Lair:1:   layout_chaotic_city
Orc:1:    layout_caves, serial_shops, shop, nicolae_shop_firing_range,
          uniq_fannar
Orc:2:    pf_orc_diabolical, layout_diamond_mine, serial_shops,
          nicolae_shop_pleasant_corner_grove, minmay_orc_temple_a, uniq_nessos

Skill      XL: |  1  2  3  4  5  6  7  8  9 10 11 12 |
---------------+-------------------------------------+-----
Ranged Weapons | 2 3 4 5 7 8 9 11 12 14 15 | 15.8
Hexes          | 3 4 6 7 |  7.0
Invocations    | 3 6 8 10 11 | 11.7
Fighting       | |  1.1
Dodging        | |  1.7
Spellcasting   | |  1.2
Fire Magic     | |  1.0

Action                     |  1- 3 |  4- 6 |  7- 9 | 10-12 || total
---------------------------+-------+-------+-------+-------++-------
   Fire: Sling             |   169 |   334 |   553 |    44 ||  1100
         Shortbow          |       |       |       |   390 ||   390
         Orcbow            |       |       |       |   370 ||   370
         Arbalest          |       |       |       |    97 ||    97
   Cast: Jinxbite          |     3 |    15 |    70 |   101 ||   189
         Sigil of Binding  |       |       |     8 |    18 ||    26
         Cause Fear        |       |       |       |    54 ||    54
 Invoke: Recite            |       |       |    11 |    30 ||    41
         Vitalisation      |       |       |     1 |       ||     1
Ability: Breathe Dispellin |       |       |    16 |     9 ||    25
  Evoke: Wand              |       |       |       |    15 ||    15
    Use: Scroll            |     2 |     6 |    16 |     7 ||    31
         Potion            |       |       |     3 |     4 ||     7
 Armour: Skin              |    68 |   146 |   279 |   448 ||   941
  Dodge: Dodged            |    57 |   170 |   220 |   352 ||   799

Table legend: (Time is in decaauts)
 A = Elapsed time spent in this place.
 B = Non-inter-level travel time spent in this place.
 C = Inter-level travel time spent in this place.
 D = Time resting spent in this place.
 E = Time spent auto-exploring this place.
 F = Levels seen in this place.
 G = Mean time per level.
                   A        B        C        D        E       F      G
               +--------+--------+--------+--------+--------+-----+--------+
         Total |  19926 |  18822 |   1104 |   5078 |   8662 |  16 | 1245.4 |
       Dungeon |  16972 |  16043 |    929 |   4429 |   7767 |  11 | 1542.9 |
        Temple |     30 |      2 |     28 |      0 |      0 |   1 |   30.0 |
          Lair |    879 |    828 |     51 |     77 |    433 |   1 |  879.0 |
  Orcish Mines |   1433 |   1338 |     95 |    249 |    453 |   2 |  716.5 |
       Ossuary |    610 |    610 |      0 |    323 |      9 |   1 |  610.0 |
               +--------+--------+--------+--------+--------+-----+--------+

Top non-repeatable levels by time:
    D:10: 2246 daAuts
     D:3: 2191 daAuts
     D:7: 2180 daAuts
     D:9: 1669 daAuts
     D:6: 1663 daAuts
     D:2: 1427 daAuts
     D:5: 1303 daAuts
     D:4: 1263 daAuts
     D:8: 1207 daAuts
    D:11: 1111 daAuts
  Lair:1: 879 daAuts
   Orc:2: 769 daAuts
     D:1: 707 daAuts
   Orc:1: 664 daAuts
 Ossuary: 610 daAuts
